 Dungeon Crawl Stone Soup version 0.30.0-29-ga12c61a403 (webtiles) character file.

Game seed: 9105059588615913004

95650 qw the Peltast (level 16, -2/101 HPs)
             Began as a Gargoyle Fighter on June 3, 2023.
             Was a High Priest of Okawaru.
             Slain by an ettin
             ... wielding a +0 dire flail
              (13 damage)
             ... on level 2 of the Orcish Mines.
             The game lasted 00:12:57 (22033 turns).

qw the Peltast (Gargoyle Fighter)                  Turns: 22033, Time: 00:12:58

Health: -2/101     AC: 33    Str: 29    XL:     16   Next: 14%
Magic:  23/23      EV: 14    Int: 10    God:    Okawaru [*****.]
Gold:   2082       SH: 20    Dex:  9    Spells: 15/15 levels left

rFire   . . .        r - +5 broad axe (elec)
rCold   + + .        B - +0 tower shield {AC+3}
rNeg    + . .        G - +2 plate armour {rC+}
rPois   inf          c - +2 hat
rElec   +            g - scarf {repulsion}
rCorr   .            C - +0 pair of gloves "Unoqitil" {Contam +Blink Regen+ Str+2}
SInv    +            E - +2 pair of boots "Becu" {rElec rC+ Stlth+}
Will    +....        e - amulet of regeneration Stlth
                     q - +5 ring of evasion
HPRegen 1.96/turn    m - ring of see invisible
MPRegen 0.18/turn

%: repel missiles
@: about to teleport, heroic, corroded, flying
A: sickness immunity, AC +12, big wings, negative energy resistance 1,
electricity resistance, torment resistance 1, petrification resistance
a: Renounce Religion, Evoke Blink, Heroism, Finesse, Duel


You were on level 2 of the Orcish Mines.
You worshipped Okawaru.
Okawaru was extremely pleased with you.
You visited 4 branches of the dungeon, and saw 23 of its levels.
You also visited: Gauntlet.

You collected 2239 gold pieces.
You spent 157 gold pieces at shops.


Innate Abilities, Weirdness & Mutations

You are immune to sickness and miasma.
Your stone body is resilient. (AC +12)
You are immune to poison.
Your large and strong wings let you fly.
You resist negative energy. (rN+)
You are resistant to electric shocks. (rElec)
You are resistant to unholy torment.
You are immune to petrification.


   Skills:
 - Level 12.0(17.0) Fighting
 + Level 15.8(20.8) Axes
 - Level 6.0(11.0) Throwing
 - Level 10.0(15.0) Armour
 - Level 2.2(7.2) Dodging
 - Level 16.3(21.3) Shields
 - Level 10.0 Invocations


You had 15 spell levels left.
You didn't know any spells.
Your spell library was empty.

Inventory:

Hand Weapons
 b - a +0 hand axe of flaming
 r - a +5 broad axe of electrocution (weapon)
 z - a +3 broad axe of holy wrath
Missiles
 i - a silver boomerang
 s - 7 javelins
 t - 22 boomerangs
 H - 2 silver javelins (quivered)
Armour
 c - a +2 hat (worn)
 g - a scarf of repulsion (worn)
 y - a +0 cloak
 B - a +0 tower shield of protection (worn)
 C - the +0 pair of gloves "Unoqitil" (worn) {Contam +Blink Regen+ Str+2}
   (You found it in a Gauntlet)

   Str:       It affects your strength (+2).
   +Blink:    It lets you blink.
   Contam:    It causes magical contamination when unequipped.
   Regen:     It increases your rate of health regeneration.
 E - the +2 pair of boots "Becu" (worn) {rElec rC+ Stlth+}
   (You found it on level 5 of the Lair of Beasts)

   rC:        It protects you from cold.
   rElec:     It insulates you from electricity.
   Stlth:     It makes you more stealthy.
 G - a +2 plate armour of cold resistance (worn)
Jewellery
 e - an amulet of regeneration (around neck)
 l - the ring "Doczig" {Str+3 Int+6}
   (You found it on level 3 of the Lair of Beasts)

   [ring of intelligence]

   Str:       It affects your strength (+3).
   Int:       It affects your intelligence (+6).
 m - a ring of see invisible (right hand)
 q - a +5 ring of evasion (left hand)
 w - a ring of willpower
 x - a ring of protection from fire
 A - a ring of resist corrosion
 I - a ring of protection from fire
Wands
 u - a wand of digging (9)
Scrolls
 a - 9 scrolls of identify
 k - 9 scrolls of teleportation
Potions
 d - 5 potions of might
 f - 2 potions of lignification
 h - 10 potions of curing
 j - a potion of attraction
 n - 4 potions of magic
 o - a potion of resistance
 p - 3 potions of mutation
 D - 2 potions of haste

Dungeon Overview and Level Annotations

Branches:
Dungeon (15/15)            Temple (1/1) D:4            Lair (5/5) D:10
 Shoals (0/4) Lair:2       Spider (0/4) Lair:2        Slime (0/5) Lair:5
    Orc (2/2) D:12            Elf (0/3) Orc:2        Vaults (0/5) D:14
 Depths (0/4) D:15        Gauntlet (visited)

Altars:
Ashenzari
Cheibriados
Dithmenos
Elyvilon
Fedhas
Gozag
Hepliaklqana
Kikubaaqudgha
Makhleb
Nemelex Xobeh
Okawaru
Qazlal
Ru
Sif Muna
Trog
Uskayaw
Vehumet
Wu Jian
Xom
Yredelemnul
Zin
The Shining One
Jiyva
Lugonu

Shops:
D:9 (   D:13 *

Portals:
Abyss: Lair:5
Trove: D:10 (give 6 scrolls of fear)

Annotations:
D:15 1 runed translucent door, qw's ghost, journeyman GrFi
Lair:1 2 transporters, qw's ghost, journeyman GrFi
Lair:3 3 runed translucent doors, qw's ghost, journeyman GrFi
Orc:2 2 transporters, qw's ghost, journeyman GrFi


Message History

The orc knight shouts! x2; The orc warrior shouts!
The orc shouts! x3
The orc warrior shouts!
The warg howls!
The orc priest shouts!
The orc warlord shouts!
The ogre shouts!
The orc shouts! x6
The orc warrior shouts!
You hear a shout! x3
A warg comes into view.
An orc warrior comes into view. It is wielding a +0 long sword.
You block the orc's attack.
The orc warlord roars a battlecry!
The orcs go into a battle-frenzy!
The orc priest begins to cast a cantrip, but forgets the words!
The orc sorcerer mumbles some strange words.
An orc warlord comes into view.
It is wielding a +0 battleaxe and wearing a +3 chain mail of poison resistance.
The orc knight roars a battlecry!
The orcs go into a battle-frenzy!
The orc knight roars a battlecry!
Enter note:
Enter note:
Enter note:
Enter note:
Enter note:
Enter note:
Enter note:
Enter note:
Enter note:
Enter note:
Enter note:
Enter note:
22033 ||| READING 10 scrolls of teleportation.
As you read the scroll of teleportation, it crumbles to dust.
You feel strangely unstable.
The orc warlord shouts!
The warg howls!
You hear a howl!
An orc priest comes into view. It is wielding a +0 short sword.
A troll comes into view.
An orc warrior comes into view. It is wielding a +0 trident.
You block the orc's attack.
An orc comes into view. It is wielding a +0 club.
An orc knight comes into view. It is wielding a +0 halberd.
You block the orc's attack. The orc misses you. You block the ettin's attack.
The ettin hits you with a +0 dire flail!
You die... ######### #o......# ###....o$.+ .oo.o.o@o.# o.h..oCooo#

..#3..oo.....
##...oo.O.o..
#.....ooo...
#........o.T
#....o.#o.ho
#..$..###.oo


You could see 2 orc warlords, 3 orc knights, an ettin, a troll, a sixfirhy
(summoned), 2 wargs, an orc sorcerer (strong), 7 orc warriors, an ogre, 2 orc
priests and 11 orcs.

Vanquished Creatures
  Jorgrun (D:12)
  Kirke (D:13)
  An ironbound preserver (D:14)
  Snorg (Orc:2)
  A minotaur (Gauntlet)
  Josephine (Lair:5)
  Harold (D:10)
  A rakshasa (D:14)
  A catoblepas (Lair:4)
  7 centaur warriors
  5 hydras
  4 boulder beetles
  4 two-headed ogres
  A vampire mage (D:15)
  3 tengu warriors
  2 thrashing horrors (Lair:5)
  A death knight (D:15)
  4 orc high priests (Orc:2)
  Sonja (Orc:2)
  6 death yaks
  A skyshark (Lair:5)
  5 skeletal warriors (D:14)
  A glowing orange brain (shapeshifter) (Lair:5)
  4 orc knights (Orc:2)
  A necromancer (D:15)
  3 deep elf pyromancers
  2 orc sorcerers
  A wizard (D:14)
  A sphinx zombie (D:15)
  24 ugly things
  An iron dragon zombie (D:15)
  3 cyclopes
  A salamander (shapeshifter) (D:14)
  4 manticores
  A stone giant zombie (D:15)
  5 elephants (Lair:5)
  A guardian serpent (shapeshifter) (Lair:5)
  3 smoke demons (Lair:5)
  4 black mambas
  3 gargoyles
  A torpor snail (Lair:4)
  2 rime drakes
  13 cane toads
  A kobold demonologist (D:9)
  An ancient zyme (Lair:5)
  7 komodo dragons
  An efreet (D:14)
  3 freezing wraiths (D:15)
  4 tengu conjurers
  5 trolls
  A polar bear (Lair:4)
  A queen bee (Gauntlet)
  2 guardian mummies (D:15)
  Grinder (D:4)
  4 dream sheep (Lair:5)
  21 blink frogs
  A raiju (Gauntlet)
  A snapping turtle (Lair:2)
  2 large abominations (Lair:5)
  A culicivora (shapeshifter) (D:15)
  40 yaks
  A centaur simulacrum (D:15)
  4 hogs (D:13)
  A yak (shapeshifter) (Lair:5)
  A vampire (D:12)
  8 wraiths
  3 culicivoras (Lair:2)
  3 wyverns
  A chaos spawn (Lair:5)
  10 basilisks
  2 steam dragons (Gauntlet)
  8 vampire mosquitoes
  Edmund (D:6)
  A human zombie (D:15)
  An acid dragon (D:7)
  Duvessa (D:7)
  30 orc warriors
  7 water moccasins
  5 black bears
  An ogre (Orc:1)
  18 centaurs
  8 wolves
  A kobold brigand (D:9)
  11 small abominations (Lair:5)
  9 bullfrogs
  2 gnoll sergeants
  3 scorpions
  16 wights
  Dowan (D:7)
  10 killer bees
  8 howler monkeys
  2 vampire bats (D:5)
  4 jellies
  A gnoll bouda (D:8)
  27 orc priests
  4 hounds
  3 sleepcaps
  2 iguanas
  18 orc wizards
  11 adders
  17 gnolls
  A river rat (D:4)
  3 white imps
  4 worms (D:4)
  4 dart slugs
  88 orcs
  11 bats
  3 endoplasms
  5 giant cockroaches
  6 goblins
  5 hobgoblins
  16 kobolds
  A quokka (D:5)
  3 ball pythons
  4 frilled lizards
  8 rats
656 creatures vanquished.

Vanquished Creatures (others)
  A wizard (D:14)
  A boggart (D:14)
2 creatures vanquished.

Grand Total: 658 creatures vanquished

Notes
Turn   | Place    | Note
-------+----------+-------------------------------------------
     0 | D:1      | qw the Gargoyle Fighter began the quest for the Orb.
     0 | D:1      | Reached XP level 1. HP: 14/14 MP: 1/1
     0 | D:1      | 0 ||| qw: Version: 0.2-a-103-g5a998e5
     0 | D:1      | 0 ||| qw: Game counter: 1107
     0 | D:1      | 0 ||| qw: Always use a shield: true
     0 | D:1      | 0 ||| qw: God list: Okawaru
     0 | D:1      | 0 ||| qw: Allow faded altars: false
     0 | D:1      | 0 ||| qw: Do Orc after D:15 true
     0 | D:1      | 0 ||| qw: Do second Lair branch before Depths: true
     0 | D:1      | 0 ||| qw: Lair rune preference: random
     0 | D:1      | 0 ||| qw: Plans: Normal, Zot:1-4, Slime:5, God:TSO, Crypt,
                  | Tomb, Pan, Hells, Abyss, Win
     0 | D:1      | 0 ||| PLANNING D:1-11
    60 | D:1      | 60 ||| Stepping ~*~*~tactically~*~*~ (hiding).
    67 | D:1      | Reached XP level 2. HP: 17/19 MP: 2/2
   103 | D:1      | 103 ||| Stepping ~*~*~tactically~*~*~ (hiding).
   275 | D:1      | Reached skill level 3 in Axes
   311 | D:1      | Found a faded altar of an unknown god.
   427 | D:1      | Reached XP level 3. HP: 23/23 MP: 3/3
   519 | D:1      | 519 ||| UPGRADING to +0 pair of boots.
   524 | D:1      | 524 ||| DROPPING ring of flight.
   525 | D:1      | 525 ||| UPGRADING to ring of protection from fire.
   526 | D:1      | 526 ||| READING 2 scrolls labelled FULAOTOKLA.
   527 | D:1      | 527 ||| READING 3 scrolls labelled TOSKIP ROUCH.
   528 | D:1      | 528 ||| READING 3 scrolls labelled HOPAHO FYRI.
   529 | D:1      | 529 ||| DROPPING 2 scrolls of blinking.
   530 | D:1      | 530 ||| DROPPING 2 scrolls of butterflies.
   747 | D:2      | 747 ||| DROPPING +0 club.
  1181 | D:2      | Identified the +5 sling "Uwnu" {drain, Stlth+}
  1251 | D:2      | Reached XP level 4. HP: 23/28 MP: 4/4
  1363 | D:2      | 1363 ||| READING 3 scrolls labelled SILO GE BYSUZO.
  1364 | D:2      | 1364 ||| DROPPING 2 scrolls of immolation.
  1408 | D:3      | 1408 ||| READING scroll labelled HUATRUKIPH.
  1510 | D:3      | 1510 ||| Stepping ~*~*~tactically~*~*~ (stealth).
  1736 | D:3      | 1736 ||| READING 2 scrolls labelled VAKEWN BYPUA.
  1740 | D:3      | 1740 ||| READING scroll labelled EFAWUOS ZURPH.
  1741 | D:3      | 1741 ||| READING scroll labelled FYDOQU KIO.
  1760 | D:3      | 1760 ||| STAIRDANCE
  1911 | D:3      | 1911 ||| Stepping ~*~*~tactically~*~*~ (stealth).
  1912 | D:3      | 1912 ||| Stepping ~*~*~tactically~*~*~ (stealth).
  1956 | D:3      | 1956 ||| STAIRDANCE
  1960 | D:2      | 1960 ||| READING scroll labelled YSTREWK NECHUM.
  2157 | D:3      | 2157 ||| FLEEEEING.
  2173 | D:3      | 2173 ||| READING scroll of enchant armour.
  2173 | D:3      | 2173 ||| ENCHANTING +0 pair of boots.
  2188 | D:3      | 2188 ||| Stepping ~*~*~tactically~*~*~ (stealth).
  2189 | D:3      | 2189 ||| Stepping ~*~*~tactically~*~*~ (stealth).
  2190 | D:3      | 2190 ||| Stepping ~*~*~tactically~*~*~ (stealth).
  2235 | D:3      | 2235 ||| Stepping ~*~*~tactically~*~*~ (stealth).
  2241 | D:3      | 2241 ||| Stepping ~*~*~tactically~*~*~ (hiding).
  2249 | D:3      | Reached XP level 5. HP: 24/32 MP: 5/5
  2336 | D:3      | Paralysed by a kobold for 3 turns
  2339 | D:3      | Found a hide-covered altar of Uskayaw.
  2360 | D:4      | 2360 ||| PLANNING SEWER
  2369 | D:4      | 2369 ||| STAIRDANCE
  2398 | D:4      | Noticed Grinder
  2399 | D:4      | 2399 ||| Stepping ~*~*~tactically~*~*~ (hiding).
  2402 | D:4      | Paralysed by Grinder for 4 turns
  2416 | D:4      | Paralysed by Grinder for 4 turns
  2423 | D:4      | HP: 7/32 [Grinder/nerve-wracking pain (2)]
  2424 | D:4      | 2424 ||| READING 3 scrolls of teleportation.
  2426 | D:4      | Killed Grinder
  2427 | D:4      | Reached skill level 6 in Axes
  2427 | D:4      | Reached XP level 6. HP: 8/37 MP: 6/6
  2540 | D:4      | 2540 ||| READING scroll of enchant armour.
  2540 | D:4      | 2540 ||| ENCHANTING +1 pair of boots.
  2590 | D:4      | Found a staircase to the Ecumenical Temple.
  2778 | D:4      | Found a shadowy altar of Dithmenos.
  2782 | D:4      | Found a glowing golden altar of the Shining One.
  2782 | D:4      | Found a snail-covered altar of Cheibriados.
  3027 | D:4      | 3027 ||| Stepping ~*~*~tactically~*~*~ (hiding).
  3028 | D:4      | 3028 ||| Stepping ~*~*~tactically~*~*~ (hiding).
  3029 | D:4      | 3029 ||| Stepping ~*~*~tactically~*~*~ (hiding).
  3092 | D:4      | 3092 ||| DROPPING +0 mace.
  3101 | D:4      | Found a sparkling altar of Nemelex Xobeh.
  3134 | D:4      | 3134 ||| RIP SEWER
  3143 | D:4      | 3143 ||| PLANNING TEMPLE
  3143 | D:4      | 3143 ||| UPGRADING to +0 chain mail.
  3153 | D:4      | 3153 ||| DROPPING +0 scale mail.
  3154 | D:4      | 3154 ||| READING scroll labelled ROEFIG FUNUOMI.
  3155 | D:4      | 3155 ||| DRINKING 3 blue potions.
  3156 | D:4      | 3156 ||| DRINKING 2 smoky white potions.
  3157 | D:4      | 3157 ||| DRINKING 2 bubbling blue potions.
  3158 | D:4      | 3158 ||| DROPPING potion of degeneration.
  3248 | Temple   | Entered the Ecumenical Temple
  3343 | Temple   | 3343 ||| PLANNING D:1-11
  3632 | D:4      | Reached XP level 7. HP: 43/43 MP: 7/7
  3943 | D:4      | Identified the ring of Kidycsicw {Fly Str-3 Dex+6}
  4029 | D:4      | 4029 ||| UPGRADING to ring of Kidycsicw {Fly Str-3 Dex+6}.
  4030 | D:4      | 4030 ||| READING scroll labelled BANIEMU WYZOC.
  4031 | D:4      | 4031 ||| DRINKING 2 pink potions.
  4032 | D:4      | 4032 ||| DRINKING 2 emerald potions.
  4067 | D:4      | 4067 ||| DROPPING potion of flight.
  4103 | D:5      | Entered Level 5 of the Dungeon
  4109 | D:5      | 4109 ||| STAIRDANCE
  4206 | D:5      | 4206 ||| Stepping ~*~*~tactically~*~*~ (hiding).
  4208 | D:5      | 4208 ||| Stepping ~*~*~tactically~*~*~ (hiding).
  4209 | D:5      | 4209 ||| Stepping ~*~*~tactically~*~*~ (hiding).
  4212 | D:5      | 4212 ||| Stepping ~*~*~tactically~*~*~ (hiding).
  4219 | D:5      | Reached skill level 1 in Dodging
  4300 | D:5      | 4300 ||| Stepping ~*~*~tactically~*~*~ (stealth).
  4346 | D:5      | 4346 ||| Stepping ~*~*~tactically~*~*~ (stealth).
  4347 | D:5      | 4347 ||| Stepping ~*~*~tactically~*~*~ (stealth).
  4353 | D:5      | 4353 ||| Stepping ~*~*~tactically~*~*~ (hiding).
  4480 | D:5      | Found a sacrificial altar of Ru.
  5029 | D:5      | 5029 ||| DRINKING 2 lumpy pink potions.
  5030 | D:5      | 5030 ||| READING 6 scrolls of identify.
  5030 | D:5      | 5030 ||| IDENTIFYING murky yellow potion
  5031 | D:5      | 5031 ||| READING 5 scrolls of identify.
  5031 | D:5      | 5031 ||| IDENTIFYING clear potion
  5032 | D:5      | 5032 ||| READING 4 scrolls of identify.
  5032 | D:5      | 5032 ||| IDENTIFYING bubbling white potion
  5033 | D:5      | 5033 ||| READING 3 scrolls of identify.
  5033 | D:5      | 5033 ||| IDENTIFYING green potion
  5034 | D:5      | 5034 ||| DROPPING potion of invisibility.
  5035 | D:5      | 5035 ||| DROPPING potion of berserk rage.
  5036 | D:5      | 5036 ||| DROPPING potion of ambrosia.
  5153 | D:6      | 5153 ||| Stepping ~*~*~tactically~*~*~ (hiding).
  5187 | D:6      | Noticed Edmund
  5202 | D:6      | Killed Edmund
  5203 | D:6      | Reached XP level 8. HP: 40/49 MP: 8/8
  5541 | D:6      | Found a hazy altar of Hepliaklqana.
  5554 | D:6      | 5554 ||| READING scroll of enchant weapon.
  5554 | D:6      | 5554 ||| ENCHANTING +1 war axe.
  5966 | D:6      | Noticed a yak
  5982 | D:6      | Killed a yak
  6121 | D:6      | 6121 ||| UPGRADING to ring of see invisible.
  6123 | D:6      | 6123 ||| UPGRADING to ring of protection from fire.
  6125 | D:6      | 6125 ||| READING scroll labelled PUCEOF VAPNIASYAV.
  6126 | D:6      | 6126 ||| READING scroll labelled YKOEDD KYMOASH.
  6127 | D:6      | 6127 ||| READING 2 scrolls of identify.
  6127 | D:6      | 6127 ||| IDENTIFYING fizzy orange potion
  6183 | D:7      | Reached skill level 6 in Fighting
  6372 | D:7      | Noticed Dowan
  6373 | D:7      | 6373 ||| Stepping ~*~*~tactically~*~*~ (stealth).
  6374 | D:7      | Noticed Duvessa
  6376 | D:7      | 6376 ||| Stepping ~*~*~tactically~*~*~ (stealth).
  6387 | D:7      | Killed Duvessa
  6393 | D:7      | HP: 5/51 [orc priest/divine providence (12)]
  6394 | D:7      | 6394 ||| READING 2 scrolls of teleportation.
  6395 | D:7      | 6395 ||| DRINKING potion of heal wounds.
  6397 | D:7      | Killed Dowan
  6398 | D:7      | Reached XP level 9. HP: 37/55 MP: 9/9
  6398 | D:7      | 6398 ||| Stepping ~*~*~tactically~*~*~ (hiding).
  6399 | D:7      | 6399 ||| Stepping ~*~*~tactically~*~*~ (hiding).
  6400 | D:7      | 6400 ||| Stepping ~*~*~tactically~*~*~ (hiding).
  6401 | D:7      | 6401 ||| Stepping ~*~*~tactically~*~*~ (hiding).
  6402 | D:7      | 6402 ||| Stepping ~*~*~tactically~*~*~ (hiding).
  6442 | D:7      | 6442 ||| Stepping ~*~*~tactically~*~*~ (stealth).
  6443 | D:7      | 6443 ||| Stepping ~*~*~tactically~*~*~ (stealth).
  6450 | D:7      | 6450 ||| Stepping ~*~*~tactically~*~*~ (stealth).
  6505 | D:7      | 6505 ||| SWAPPING to +2 war axe of electrocution.
  6506 | D:7      | 6506 ||| DROPPING +2 war axe.
  6602 | D:7      | Reached skill level 9 in Axes
  6716 | D:7      | Reached skill level 4 in Shields
  6861 | D:7      | Found an iron altar of Okawaru.
  6862 | D:7      | 6862 ||| PLANNING OKAWARU WORSHIP
  6862 | D:7      | 6862 ||| UPGRADING to +0 pair of gloves.
  6867 | D:7      | 6867 ||| UPGRADING to +5 ring of evasion.
  6869 | D:7      | 6869 ||| UPGRADING to ring of see invisible.
  6878 | D:7      | Became a worshipper of Warmaster Okawaru
  6878 | D:7      | 6878 ||| PLANNING D:1-11
  7329 | D:8      | 7329 ||| DROPPING +0 flail.
  7461 | D:8      | Found a stormy altar of Qazlal.
  7607 | D:8      | 7607 ||| Stepping ~*~*~tactically~*~*~ (hiding).
  7607 | D:8      | Found a radiant altar of Vehumet.
  7628 | D:8      | 7628 ||| Stepping ~*~*~tactically~*~*~ (hiding).
  7963 | D:8      | 7963 ||| Stepping ~*~*~tactically~*~*~ (hiding).
  7966 | D:8      | 7966 ||| Stepping ~*~*~tactically~*~*~ (hiding).
  7979 | D:8      | Reached * piety under Okawaru
  8302 | D:8      | 8302 ||| UPGRADING to +0 plate armour.
  8312 | D:8      | 8312 ||| DROPPING +0 chain mail.
  8313 | D:8      | 8313 ||| UPGRADING to +0 cloak.
  8318 | D:8      | 8318 ||| READING scroll labelled RATHEL JIONODYAHU.
  8425 | D:9      | Found a glowing silver altar of Zin.
  8433 | D:9      | 8433 ||| Stepping ~*~*~tactically~*~*~ (hiding).
  8435 | D:9      | 8435 ||| Stepping ~*~*~tactically~*~*~ (hiding).
  8436 | D:9      | 8436 ||| Stepping ~*~*~tactically~*~*~ (hiding).
  8551 | D:9      | 8551 ||| Stepping ~*~*~tactically~*~*~ (stealth).
  8560 | D:9      | Reached skill level 6 in Armour
  8560 | D:9      | Reached skill level 1 in Invocations
  8567 | D:9      | 8567 ||| Stepping ~*~*~tactically~*~*~ (stealth).
  8568 | D:9      | 8568 ||| Stepping ~*~*~tactically~*~*~ (stealth).
  8581 | D:9      | Reached XP level 10. HP: 49/63 MP: 9/11
  8582 | D:9      | Reached skill level 3 in Invocations
  8648 | D:9      | 8648 ||| READING scroll of enchant armour.
  8648 | D:9      | 8648 ||| ENCHANTING +0 pair of gloves.
  8682 | D:9      | 8682 ||| INVOKING Heroism.
  8803 | D:9      | Reached ** piety under Okawaru
  8842 | D:9      | Found a broken altar of Ashenzari.
  9087 | D:9      | Noticed a kobold demonologist
  9089 | D:9      | Found Jemetat's Weapon Shop.
  9094 | D:9      | Killed a kobold demonologist
  9095 | D:9      | Reached skill level 3 in Throwing
  9098 | D:9      | 9098 ||| INVOKING Heroism.
  9105 | D:9      | Reached skill level 5 in Shields
  9271 | D:9      | 9271 ||| UPGRADING to scarf of repulsion.
  9281 | D:9      | 9281 ||| READING 2 scrolls of identify.
  9281 | D:9      | 9281 ||| IDENTIFYING coppery potion
  9318 | D:10     | Entered Level 10 of the Dungeon
  9330 | D:10     | Noticed a gargoyle
  9335 | D:10     | 9335 ||| INVOKING Heroism.
  9343 | D:10     | Killed a gargoyle
  9416 | D:10     | Noticed Harold
  9417 | D:10     | 9417 ||| INVOKING Heroism.
  9428 | D:10     | Killed Harold
  9442 | D:10     | 9442 ||| FLEEEEING.
  9443 | D:10     | 9443 ||| FLEEEEING.
  9444 | D:10     | 9444 ||| FLEEEEING.
  9445 | D:10     | 9445 ||| FLEEEEING.
  9446 | D:10     | 9446 ||| FLEEEEING.
  9447 | D:10     | 9447 ||| FLEEEEING.
  9448 | D:10     | 9448 ||| FLEEEEING.
  9450 | D:10     | 9450 ||| FLEEEEING.
  9451 | D:10     | 9451 ||| FLEEEEING.
  9452 | D:10     | 9452 ||| FLEEEEING.
  9453 | D:10     | 9453 ||| FLEEEEING.
  9454 | D:10     | 9454 ||| FLEEEEING.
  9455 | D:10     | 9455 ||| FLEEEEING.
  9464 | D:10     | 9464 ||| INVOKING Heroism.
  9467 | D:10     | Noticed a two-headed ogre
  9472 | D:10     | Killed a two-headed ogre
  9473 | D:10     | Reached skill level 9 in Fighting
  9473 | D:10     | Reached XP level 11. HP: 48/71 MP: 12/14
  9673 | D:10     | Reached *** piety under Okawaru
  9726 | D:10     | Found a shimmering blue altar of Sif Muna.
  9771 | D:10     | Found a white marble altar of Elyvilon.
  9807 | D:10     | 9807 ||| INVOKING Heroism.
  9810 | D:10     | 9810 ||| Stepping ~*~*~tactically~*~*~ (stealth).
  9812 | D:10     | 9812 ||| Stepping ~*~*~tactically~*~*~ (stealth).
  9924 | D:10     | 9924 ||| INVOKING Heroism.
 10019 | D:10     | 10019 ||| INVOKING Heroism.
 10048 | D:10     | Found a staircase to the Lair.
 10049 | D:10     | 10049 ||| INVOKING Heroism.
 10110 | D:10     | Found a basalt altar of Yredelemnul.
 10296 | D:10     | Found a portal to a secret trove of treasure.
 10365 | D:10     | 10365 ||| PLANNING LAIR
 10365 | D:10     | 10365 ||| READING scroll labelled SISKOF HOGG.
 10420 | Lair:1   | Entered Level 1 of the Lair of Beasts
 10461 | Lair:1   | You fall into a shaft and drop 1 floor!
 10462 | Lair:2   | 10462 ||| PLANNING GAUNTLET
 10497 | Lair:2   | 10497 ||| INVOKING Heroism.
 10584 | Lair:2   | 10584 ||| INVOKING Heroism.
 10594 | Lair:2   | Reached skill level 12 in Axes
 10618 | Lair:2   | 10618 ||| Stepping ~*~*~tactically~*~*~ (stealth).
 10664 | Lair:2   | 10664 ||| READING scroll of enchant armour.
 10664 | Lair:2   | 10664 ||| ENCHANTING +1 pair of gloves.
 10704 | Lair:2   | 10704 ||| INVOKING Heroism.
 10744 | Lair:2   | 10744 ||| INVOKING Heroism.
 10786 | Lair:2   | Reached skill level 6 in Shields
 10791 | Lair:2   | 10791 ||| INVOKING Heroism.
 10899 | Lair:2   | Found a gate leading to a gauntlet.
 10906 | Gauntlet | Entered a Gauntlet
 10906 | Gauntlet | Noticed a tengu warrior
 10906 | Gauntlet | Found a transporter.
 10906 | Gauntlet | Found a transporter.
 10907 | Gauntlet | Found a transporter.
 10907 | Gauntlet | Found a transporter.
 10907 | Gauntlet | Noticed a moth of wrath
 10910 | Gauntlet | Found a transporter.
 10920 | Gauntlet | Found a transporter.
 10921 | Gauntlet | Noticed a great orb of eyes
 10943 | Gauntlet | Noticed a cyan ugly thing
 10987 | Gauntlet | Found a transporter.
 10997 | Gauntlet | Found a transporter.
 11013 | Gauntlet | Found a transporter.
 11023 | Gauntlet | Found a transporter.
 11038 | Gauntlet | Found a transporter.
 11044 | Gauntlet | Found a transporter.
 11044 | Gauntlet | Noticed a tengu warrior
 11125 | Gauntlet | 11125 ||| INVOKING Heroism.
 11127 | Gauntlet | Killed a tengu warrior
 11128 | Gauntlet | Reached skill level 9 in Armour
 11219 | Gauntlet | 11219 ||| INVOKING Heroism.
 11224 | Gauntlet | 11224 ||| Stepping ~*~*~tactically~*~*~ (cloud).
 11291 | Gauntlet | 11291 ||| INVOKING Heroism.
 11298 | Gauntlet | Reached XP level 12. HP: 73/76 MP: 12/15
 11329 | Gauntlet | 11329 ||| INVOKING Heroism.
 11404 | Gauntlet | 11404 ||| INVOKING Heroism.
 11417 | Gauntlet | Killed a tengu warrior
 11417 | Gauntlet | Reached **** piety under Okawaru
 11588 | Gauntlet | Noticed a minotaur
 11589 | Gauntlet | Found the +8 Vampire's Tooth {megavamp}
 11590 | Gauntlet | 11590 ||| INVOKING Heroism.
 11598 | Gauntlet | Killed a minotaur
 11660 | Gauntlet | Identified the -2 hat of Ignis's Envy {Dex+4}
 11660 | Gauntlet | Identified the +0 robe of the Shining Light {Int+6 Dex+3
                  | Slay-2}
 11666 | Gauntlet | Identified the +0 pair of gloves "Unoqitil" {Contam +Blink
                  | Regen+ Str+2}
 11670 | Gauntlet | 11670 ||| DROPPING -2 hat of Ignis's Envy {Dex+4}.
 11671 | Gauntlet | 11671 ||| UPGRADING to +0 tower shield of protection.
 11681 | Gauntlet | 11681 ||| DROPPING +0 buckler.
 11682 | Gauntlet | 11682 ||| UPGRADING to +0 pair of gloves "Unoqitil" {Contam
                  | +Blink Regen+ Str+2}.
 11692 | Gauntlet | 11692 ||| DROPPING +2 pair of gloves.
 11696 | Lair:2   | 11696 ||| PLANNING LAIR
 11706 | Lair:2   | 11706 ||| INVOKING Heroism.
 11766 | Lair:1   | Found a transporter.
 11766 | Lair:1   | Found a transporter.
 11769 | Lair:1   | Noticed qw's ghost (journeyman GrFi)
 11792 | Lair:1   | 11792 ||| Stepping ~*~*~tactically~*~*~ (stealth).
 11795 | Lair:1   | 11795 ||| INVOKING Heroism.
 11812 | Lair:1   | 11812 ||| INVOKING Heroism.
 11815 | Lair:1   | Reached skill level 7 in Shields
 11974 | Lair:1   | 11974 ||| Stepping ~*~*~tactically~*~*~ (hiding).
 11975 | Lair:1   | 11975 ||| Stepping ~*~*~tactically~*~*~ (hiding).
 12517 | Lair:2   | Noticed a six-headed hydra
 12518 | Lair:2   | 12518 ||| INVOKING Heroism.
 12522 | Lair:2   | 12522 ||| SWAPPING to +0 hand axe of flaming.
 12528 | Lair:2   | Killed a one-headed hydra
 12529 | Lair:2   | Reached skill level 8 in Shields
 12529 | Lair:2   | 12529 ||| SWAPPING to +2 war axe of electrocution.
 12550 | Lair:2   | 12550 ||| Stepping ~*~*~tactically~*~*~ (stealth).
 12551 | Lair:2   | 12551 ||| INVOKING Heroism.
 12649 | Lair:2   | Found a staircase to the Shoals.
 12710 | Lair:2   | 12710 ||| INVOKING Heroism.
 12741 | Lair:2   | 12741 ||| INVOKING Heroism.
 12815 | Lair:2   | 12815 ||| Stepping ~*~*~tactically~*~*~ (hiding).
 12817 | Lair:2   | 12817 ||| Stepping ~*~*~tactically~*~*~ (hiding).
 12827 | Lair:2   | 12827 ||| INVOKING Heroism.
 12830 | Lair:2   | Reached skill level 9 in Shields
 12866 | Lair:2   | Found a hole to the Spider Nest.
 13287 | Lair:3   | Identified the ring "Doczig" {Str+3 Int+6}
 13507 | Lair:3   | Found a runed translucent gate.
 13507 | Lair:3   | Found a runed translucent gate.
 13507 | Lair:3   | Found a runed translucent gate.
 13512 | Lair:3   | Noticed qw's ghost (journeyman GrFi)
 13627 | Lair:3   | Noticed a four-headed hydra
 13627 | Lair:3   | 13627 ||| INVOKING Heroism.
 13633 | Lair:3   | 13633 ||| SWAPPING to +0 hand axe of flaming.
 13637 | Lair:3   | Killed a two-headed hydra
 13638 | Lair:3   | Reached skill level 6 in Invocations
 13638 | Lair:3   | 13638 ||| SWAPPING to +2 war axe of electrocution.
 13643 | Lair:3   | Reached skill level 10 in Shields
 13844 | Lair:3   | 13844 ||| DROPPING scarf of repulsion.
 13845 | Lair:3   | 13845 ||| DROPPING ring of Kidycsicw {Fly Str-3 Dex+6}.
 13846 | Lair:3   | 13846 ||| READING scroll labelled JICSOKKEGI.
 13953 | Lair:4   | 13953 ||| Stepping ~*~*~tactically~*~*~ (stealth).
 13954 | Lair:4   | 13954 ||| Stepping ~*~*~tactically~*~*~ (stealth).
 14022 | Lair:4   | 14022 ||| Stepping ~*~*~tactically~*~*~ (stealth).
 14023 | Lair:4   | 14023 ||| INVOKING Heroism.
 14028 | Lair:4   | Noticed an eight-headed hydra
 14029 | Lair:4   | 14029 ||| Stepping ~*~*~tactically~*~*~ (stealth).
 14033 | Lair:4   | Reached XP level 13. HP: 82/82 MP: 15/18
 14038 | Lair:4   | 14038 ||| INVOKING Heroism.
 14039 | Lair:4   | 14039 ||| SWAPPING to +0 hand axe of flaming.
 14047 | Lair:4   | 14047 ||| SWAPPING to +2 war axe of electrocution.
 14174 | Lair:4   | 14174 ||| INVOKING Heroism.
 14188 | Lair:4   | Reached skill level 11 in Shields
 14206 | Lair:4   | 14206 ||| INVOKING Heroism.
 14241 | Lair:4   | 14241 ||| INVOKING Heroism.
 14342 | Lair:4   | 14342 ||| INVOKING Heroism.
 14392 | Lair:4   | 14392 ||| INVOKING Heroism.
 14818 | Lair:4   | 14818 ||| Stepping ~*~*~tactically~*~*~ (stealth).
 14819 | Lair:4   | 14819 ||| INVOKING Heroism.
 15066 | Lair:5   | Entered Level 5 of the Lair of Beasts
 15075 | Lair:5   | 15075 ||| STAIRDANCE
 15080 | Lair:4   | Reached skill level 9 in Invocations
 15183 | Lair:5   | Reached skill level 12 in Shields
 15208 | Lair:5   | 15208 ||| Stepping ~*~*~tactically~*~*~ (stealth).
 15255 | Lair:5   | Received a gift from Okawaru
 15287 | Lair:5   | Identified the +2 pair of boots "Becu" {rElec rC+ Stlth+}
 15433 | Lair:5   | 15433 ||| INVOKING Heroism.
 15435 | Lair:5   | Noticed Josephine
 15439 | Lair:5   | Found a viscous altar of Jiyva.
 15446 | Lair:5   | Killed Josephine
 15453 | Lair:5   | Reached ***** piety under Okawaru
 15454 | Lair:5   | 15454 ||| INVOKING Finesse.
 15459 | Lair:5   | 15459 ||| SWAPPING to +0 hand axe of flaming.
 15465 | Lair:5   | Reached skill level 13 in Shields
 15473 | Lair:5   | 15473 ||| SWAPPING to +2 war axe of electrocution.
 15482 | Lair:5   | Gained mutation: Your large and strong wings let you fly.
                  | [Gargoyle growth]
 15482 | Lair:5   | Reached XP level 14. HP: 37/88 MP: 17/21
 15532 | Lair:5   | Found a staircase to the Slime Pits.
 15564 | Lair:5   | Reached skill level 14 in Shields
 15599 | Lair:5   | 15599 ||| INVOKING Heroism.
 15656 | Lair:5   | 15656 ||| Stepping ~*~*~tactically~*~*~ (stealth).
 15657 | Lair:5   | Received a gift from Okawaru
 15692 | Lair:5   | 15692 ||| Stepping ~*~*~tactically~*~*~ (hiding).
 15719 | Lair:5   | 15719 ||| Stepping ~*~*~tactically~*~*~ (hiding).
 15720 | Lair:5   | 15720 ||| Stepping ~*~*~tactically~*~*~ (hiding).
 15740 | Lair:5   | 15740 ||| INVOKING Heroism.
 15741 | Lair:5   | 15741 ||| INVOKING Finesse.
 15749 | Lair:5   | 15749 ||| SWAPPING to +0 hand axe of flaming.
 15759 | Lair:5   | 15759 ||| SWAPPING to +2 war axe of electrocution.
 15989 | Lair:5   | 15989 ||| INVOKING Heroism.
 16055 | Lair:5   | Found a corrupted altar of Lugonu.
 16055 | Lair:5   | Found a one-way gate to the infinite horrors of the Abyss.
 16125 | Lair:5   | 16125 ||| Stepping ~*~*~tactically~*~*~ (stealth).
 16138 | Lair:5   | 16138 ||| INVOKING Heroism.
 16350 | Lair:5   | 16350 ||| PLANNING D:1-11
 16350 | Lair:5   | 16350 ||| UPGRADING to +2 hat.
 16355 | Lair:5   | 16355 ||| UPGRADING to +2 pair of boots "Becu" {rElec rC+
                  | Stlth+}.
 16365 | Lair:5   | 16365 ||| DROPPING +2 pair of boots.
 16366 | Lair:5   | 16366 ||| UPGRADING to amulet of regeneration.
 16371 | Lair:5   | 16371 ||| READING 9 scrolls of identify.
 16371 | Lair:5   | 16371 ||| IDENTIFYING fuming coppery potion
 16520 | D:11     | 16520 ||| Stepping ~*~*~tactically~*~*~ (hiding).
 16522 | D:11     | 16522 ||| Stepping ~*~*~tactically~*~*~ (hiding).
 16867 | D:11     | 16867 ||| Stepping ~*~*~tactically~*~*~ (stealth).
 16869 | D:11     | 16869 ||| Stepping ~*~*~tactically~*~*~ (hiding).
 16962 | D:11     | 16962 ||| Stepping ~*~*~tactically~*~*~ (stealth).
 16963 | D:11     | 16963 ||| Stepping ~*~*~tactically~*~*~ (stealth).
 16964 | D:11     | 16964 ||| Stepping ~*~*~tactically~*~*~ (stealth).
 17270 | D:11     | 17270 ||| PLANNING D
 17270 | D:11     | 17270 ||| DROPPING +4 scale mail of cold resistance.
 17271 | D:11     | 17271 ||| UPGRADING to +0 plate armour of cold resistance.
 17281 | D:11     | 17281 ||| DROPPING +0 plate armour.
 17354 | D:12     | Reached skill level 15 in Shields
 17399 | D:12     | 17399 ||| Stepping ~*~*~tactically~*~*~ (stealth).
 17517 | D:12     | 17517 ||| Stepping ~*~*~tactically~*~*~ (hiding).
 17518 | D:12     | 17518 ||| Stepping ~*~*~tactically~*~*~ (hiding).
 17520 | D:12     | Noticed Jorgrun
 17521 | D:12     | 17521 ||| INVOKING Heroism.
 17522 | D:12     | 17522 ||| INVOKING Finesse.
 17552 | D:12     | Killed Jorgrun
 17663 | D:12     | Identified the +7 war axe of Aczoube {protect, rElec rPois
                  | Will+}
 17665 | D:12     | 17665 ||| SWAPPING to +7 war axe of Aczoube {protect, rElec
                  | rPois Will+}.
 17666 | D:12     | 17666 ||| DROPPING +2 war axe of electrocution.
 17930 | D:12     | Found a staircase to the Orcish Mines.
 18351 | D:13     | 18351 ||| INVOKING Heroism.
 18352 | D:13     | 18352 ||| INVOKING Finesse.
 18416 | D:13     | Noticed Kirke
 18417 | D:13     | 18417 ||| INVOKING Heroism.
 18435 | D:13     | Killed Kirke
 18570 | D:13     | Found Wetotu's General Store.
 18575 | D:13     | 18575 ||| BUYING scroll of enchant armour (112 gold).
 18575 | D:13     | Bought a scroll of enchant armour for 112 gold pieces
 18575 | D:13     | 18575 ||| BUYING scroll of teleportation (45 gold).
 18575 | D:13     | Bought a scroll of teleportation for 45 gold pieces
 18575 | D:13     | 18575 ||| READING scroll of enchant armour.
 18575 | D:13     | 18575 ||| ENCHANTING +0 plate armour of cold resistance.
 18854 | D:13     | 18854 ||| READING scroll labelled XOAFETECZA.
 18854 | D:13     | Identified a scroll of acquirement
 18854 | D:13     | 18854 ||| ACQUIRING +3 broad axe of holy wrath
 18854 | D:13     | Acquired a +3 broad axe of holy wrath
 18856 | D:13     | 18856 ||| READING 10 scrolls of identify.
 18856 | D:13     | 18856 ||| IDENTIFYING white potion
 18857 | D:13     | 18857 ||| DROPPING potion of brilliance.
 18912 | D:14     | 18912 ||| Stepping ~*~*~tactically~*~*~ (hiding).
 18916 | D:14     | 18916 ||| INVOKING Heroism.
 18943 | D:14     | Reached XP level 15. HP: 93/93 MP: 22/22
 18956 | D:14     | 18956 ||| Stepping ~*~*~tactically~*~*~ (stealth).
 18958 | D:14     | 18958 ||| Stepping ~*~*~tactically~*~*~ (hiding).
 18981 | D:14     | 18981 ||| INVOKING Heroism.
 19063 | D:14     | 19063 ||| INVOKING Heroism.
 19072 | D:14     | 19072 ||| INVOKING Finesse.
 19112 | D:14     | Found a gate to the Vaults.
 19118 | D:14     | 19118 ||| Stepping ~*~*~tactically~*~*~ (hiding).
 19119 | D:14     | 19119 ||| Stepping ~*~*~tactically~*~*~ (hiding).
 19120 | D:14     | 19120 ||| Stepping ~*~*~tactically~*~*~ (stealth).
 19132 | D:14     | 19132 ||| INVOKING Heroism.
 19221 | D:14     | Reached skill level 16 in Shields
 19282 | D:14     | Found a blossoming altar of Fedhas.
 19396 | D:14     | 19396 ||| Stepping ~*~*~tactically~*~*~ (stealth).
 19458 | D:14     | 19458 ||| Stepping ~*~*~tactically~*~*~ (stealth).
 19477 | D:14     | Identified the +1 ring mail of Pandemonium {rF- rC+ rN+++
                  | Int+3} (Okawaru gifted it to you on level 14 of the
                  | Dungeon)
 19477 | D:14     | Received a gift from Okawaru
 19478 | D:14     | Reached skill level 6 in Throwing
 19663 | D:14     | 19663 ||| READING scroll of enchant armour.
 19663 | D:14     | 19663 ||| ENCHANTING +1 plate armour of cold resistance.
 19772 | D:14     | 19772 ||| DROPPING +6 ring of intelligence.
 19784 | D:15     | Entered Level 15 of the Dungeon
 19794 | D:15     | 19794 ||| Stepping ~*~*~tactically~*~*~ (hiding).
 19796 | D:15     | 19796 ||| Stepping ~*~*~tactically~*~*~ (hiding).
 19866 | D:15     | 19866 ||| Stepping ~*~*~tactically~*~*~ (stealth).
 19918 | D:15     | 19918 ||| Stepping ~*~*~tactically~*~*~ (stealth).
 19932 | D:15     | Found a staircase to the Depths.
 20034 | D:15     | Reached skill level 15 in Axes
 20050 | D:15     | 20050 ||| INVOKING Heroism.
 20067 | D:15     | Reached skill level 12 in Fighting
 20070 | D:15     | HP: 21/96 [mirror damage (14)]
 20071 | D:15     | 20071 ||| READING 13 scrolls of teleportation.
 20072 | D:15     | 20072 ||| DRINKING 2 potions of heal wounds.
 20175 | D:15     | Found an ornate altar of the Wu Jian Council.
 20216 | D:15     | Found a runed translucent door.
 20217 | D:15     | Noticed qw's ghost (journeyman GrFi)
 20472 | D:15     | Found a shimmering blue altar of Sif Muna.
 20769 | D:15     | 20769 ||| PLANNING ORC
 20769 | D:15     | 20769 ||| DROPPING ring of fire.
 20859 | Orc:1    | Entered Level 1 of the Orcish Mines
 21182 | Orc:1    | 21182 ||| INVOKING Heroism.
 21182 | Orc:1    | Paralysed by an orc sorcerer for 2 turns
 21207 | Orc:1    | Paralysed by an orc sorcerer for 3 turns
 21459 | Orc:2    | Entered Level 2 of the Orcish Mines
 21460 | Orc:2    | Noticed Sonja
 21461 | Orc:2    | 21461 ||| INVOKING Finesse.
 21484 | Orc:2    | Killed Sonja
 21505 | Orc:2    | 21505 ||| Stepping ~*~*~tactically~*~*~ (stealth).
 21506 | Orc:2    | 21506 ||| Stepping ~*~*~tactically~*~*~ (stealth).
 21523 | Orc:2    | 21523 ||| Stepping ~*~*~tactically~*~*~ (hiding).
 21524 | Orc:2    | 21524 ||| Stepping ~*~*~tactically~*~*~ (hiding).
 21548 | Orc:2    | Found a staircase to the Elven Halls.
 21556 | Orc:2    | 21556 ||| FLEEEEING.
 21617 | Orc:2    | 21617 ||| INVOKING Heroism.
 21622 | Orc:2    | HP: 19/96 [orc priest/divine providence (12)]
 21623 | Orc:2    | 21623 ||| READING 12 scrolls of teleportation.
 21623 | Orc:2    | HP: 9/96 [orc priest/divine providence (12)]
 21624 | Orc:2    | 21624 ||| DRINKING potion of heal wounds.
 21643 | Orc:2    | Noticed Snorg
 21658 | Orc:2    | Killed Snorg
 21682 | Orc:2    | Noticed qw's ghost (journeyman GrFi)
 21687 | Orc:2    | Found a transporter.
 21690 | Orc:2    | Found a transporter.
 21711 | Orc:2    | 21711 ||| Stepping ~*~*~tactically~*~*~ (hiding).
 21713 | Orc:2    | 21713 ||| Stepping ~*~*~tactically~*~*~ (stealth).
 21721 | Orc:2    | 21721 ||| Stepping ~*~*~tactically~*~*~ (hiding).
 21722 | Orc:2    | 21722 ||| Stepping ~*~*~tactically~*~*~ (hiding).
 21741 | Orc:2    | Reached XP level 16. HP: 98/101 MP: 23/23
 21752 | Orc:2    | Received a gift from Okawaru
 21768 | Orc:2    | 21768 ||| SWAPPING to +5 broad axe of electrocution.
 21769 | Orc:2    | 21769 ||| DROPPING +7 war axe of Aczoube {protect, rElec
                  | rPois Will+}.
 21770 | Orc:2    | 21770 ||| DROPPING +4 broad axe.
 21777 | Orc:2    | 21777 ||| Stepping ~*~*~tactically~*~*~ (stealth).
 21809 | Orc:2    | 21809 ||| INVOKING Heroism.
 21847 | Orc:2    | 21847 ||| Stepping ~*~*~tactically~*~*~ (hiding).
 21850 | Orc:2    | 21850 ||| Stepping ~*~*~tactically~*~*~ (hiding).
 21851 | Orc:2    | 21851 ||| Stepping ~*~*~tactically~*~*~ (hiding).
 21853 | Orc:2    | 21853 ||| Stepping ~*~*~tactically~*~*~ (hiding).
 21918 | Orc:2    | 21918 ||| Stepping ~*~*~tactically~*~*~ (stealth).
 21919 | Orc:2    | 21919 ||| Stepping ~*~*~tactically~*~*~ (stealth).
 21921 | Orc:2    | 21921 ||| INVOKING Heroism.
 21954 | Orc:2    | 21954 ||| Stepping ~*~*~tactically~*~*~ (stealth).
 21965 | Orc:2    | 21965 ||| Stepping ~*~*~tactically~*~*~ (hiding).
 21968 | Orc:2    | 21968 ||| Stepping ~*~*~tactically~*~*~ (hiding).
 21988 | Orc:2    | 21988 ||| INVOKING Heroism.
 22027 | Orc:2    | HP: 16/101 [orc priest/divine providence (10)]
 22028 | Orc:2    | 22028 ||| READING 11 scrolls of teleportation.
 22028 | Orc:2    | HP: 3/101 [orc priest/divine providence (15)]
 22033 | Orc:2    | 22033 ||| READING 10 scrolls of teleportation.
 22033 | Orc:2    | Slain by an ettin

Levels and vault maps discovered:
D:1:      wander_arrival_desolate, layout_rooms,
          hellmonk_ecumenical_altar_zigzags
D:2:      layout_loops_corners
D:3:      layout_loops_ring, nicolae_uskayaw_suspiria, serial_rivers,
          chequers_serial_rivers_room_b, chequers_serial_rivers_marsh,
          chequers_serial_rivers_micro_e, chequers_serial_rivers_large_b,
          hex_large, minmay_cut_off
D:4:      layout_layer_cave, nemelex_dance_club_becter,
          gammafunk_temple_overflow_forgotten, minmay_temple_entry_arrows,
          lightli_sewer_entry_pipes, minivault_5, grunt_ministairs_14,
          uniq_grinder
D:5:      layout_gridville, mainiacjoe_overflow_paths, roderic_batcave
D:6:      layout_basic, mainiacjoe_overflow_alcove_4, minmay_small_thing,
          uniq_edmund
D:7:      layout_layer_cave, okawaru_metal_pillars_1_2, uniq_duvessa
D:8:      layout_layer_cave, kennysheep_little_box,
          mainiacjoe_overflow_small_starburst
D:9:      layout_stronghold, evilmike_ruin_ashenzari,
          mainiacjoe_overflow_chevrons, grunt_decor_junction,
          kennysheep_diamond, item_on_display_a
D:10:     layout_long_grid, kennysheep_ying_yang, overflow_temple_1_default,
          grunt_lair_entry_orc_guard_hut, nicolae_trove_entry_columns,
          uniq_harold
D:11:     layout_irregular_city
D:12:     layout_basic, hiddenorc1_lemuel, uniq_jorgrun
D:13:     layout_cave_pools, serial_shops, nicolae_diamond_shop,
          reono_crystal_passage, uniq_kirke
D:14:     layout_cave_pods, skrybe_vaults_entry_preservation, fedhas_altar_3
D:15:     gammafunk_depths_entry_grave, layout_cave_pods,
          nzn_wu_jian_council_hall, gammafunk_ghost_grave,
          nicolae_sif_muna_condensation
Temple:   hellmonk_temple_beads
Lair:1:   layout_long_grid, gammafunk_ghost_hive
Lair:2:   layout_misc_corridors, minmay_shoals_entry_hut,
          spider_nest_entry_funnel_web, gauntlet_entry_generic
Lair:3:   layout_cellular_growth, gammafunk_ghost_necromancy,
          serial_bayou_shore_b
Lair:4:   nzn_winding_woodlands_medium [nzn_winding_woodlands_5x5_default,
          nzn_winding_woodlands_5x15_split_checker,
          nzn_winding_woodlands_5x5_three, nzn_winding_woodlands_5x5_open_star,
          nzn_winding_woodlands_center_lodge, nzn_winding_woodlands_5x5_default,
          nzn_winding_woodlands_5x5_checkerboard,
          nzn_winding_woodlands_5x15_sidewinder,
          nzn_winding_woodlands_5x5_cross], layout_gridlike
Lair:5:   hellmonk_lair_end_abyssal_woods, layout_long_grid, slime_entry_1,
          uniq_josephine
Orc:1:    layout_caves, basic_altar, nicolae_orc_stony_grotto
Orc:2:    st_orc_pillars, layout_caves, gammafunk_ghost_arena, basic_altar,
          minmay_orc_treasury, uniq_snorg, uniq_sonja

Skill      XL: |  1  2  3  4  5  6  7  8  9 10 11 12 13 14 15 |
---------------+----------------------------------------------+-----
Axes           | 2 3 4 6 7 8 10 11 12 14 15 | 15.8
Fighting       | 4 5 6 7 9 10 12 | 12.0
Dodging        | 1 2 |  2.2
Throwing       | 2 3 4 5 6 |  6.0
Armour         | 4 6 7 9 10 | 10.0
Shields        | 4 5 6 10 13 15 16 | 16.3
Invocations    | 2 4 6 10 | 10.0

Action                     |  1- 3 |  4- 6 |  7- 9 | 10-12 | 13-15 | 16-18 || total
---------------------------+-------+-------+-------+-------+-------+-------++-------
  Melee: War axe           |    85 |   182 |   303 |   389 |  1103 |     5 ||  2067
         Hand axe          |       |       |       |    10 |    29 |       ||    39
         Broad axe         |       |       |       |       |       |    85 ||    85
  Throw: Boomerang         |       |     3 |    33 |    25 |     5 |       ||    66
         Javelin           |       |       |    39 |    63 |   101 |    11 ||   214
 Invoke: Heroism           |       |       |       |    30 |    22 |     3 ||    55
         Finesse           |       |       |       |       |     6 |       ||     6
    Use: Scroll            |     3 |    10 |    11 |     5 |     7 |     2 ||    38
         Potion            |       |     3 |     4 |       |     2 |       ||     9
   Stab: Distracted        |       |       |       |       |     1 |       ||     1
 Armour: Scale mail        |    37 |    72 |       |       |       |       ||   109
         Chain mail        |       |    17 |   165 |       |       |       ||   182
         Plate armour      |       |       |    25 |   183 |   492 |    32 ||   732
  Dodge: Dodged            |    36 |    73 |   122 |   193 |   411 |    30 ||   865
         Repelled          |       |       |       |     2 |     5 |       ||     7
  Block: Buckler           |    16 |    35 |    72 |    57 |       |       ||   180
         Tower shield      |       |       |       |    99 |   942 |    92 ||  1133

Table legend:
 A = Non-vault XP
 B = Vault XP
 C = Vault XP percentage of total XP
 D = Non-vault monster count
 E = Vault monster count
 F = Vault count percentage of total count
                 A         B        C        D         E       F
            +---------+---------+-------+---------+---------+-------
      Total |   86134 |   50510 |  37.0 |     442 |     215 |  32.7
            +---------+---------+-------+---------+---------+-------
        D:1 |      34 |       0 |   0.0 |      18 |       0 |   0.0
        D:2 |      50 |       0 |   0.0 |      16 |       0 |   0.0
        D:3 |     119 |       6 |   4.8 |      17 |       3 |  15.0
        D:4 |      94 |     377 |  80.0 |      12 |      13 |  52.0
        D:5 |     237 |     124 |  34.3 |      13 |       8 |  38.1
        D:6 |     305 |     437 |  58.9 |      13 |       3 |  18.8
        D:7 |     849 |     210 |  19.8 |      18 |       2 |  10.0
        D:8 |    1176 |       0 |   0.0 |      30 |       0 |   0.0
        D:9 |    2986 |     483 |  13.9 |      33 |       2 |   5.7
       D:10 |    2618 |    2065 |  44.1 |      16 |       7 |  30.4
       D:11 |    1318 |       0 |   0.0 |      13 |       0 |   0.0
       D:12 |    3271 |    2232 |  40.6 |      14 |      18 |  56.2
       D:13 |    5438 |    2315 |  29.9 |      12 |       5 |  29.4
       D:14 |   15242 |    4567 |  23.1 |      33 |       8 |  19.5
       D:15 |   14583 |    3907 |  21.1 |      34 |       8 |  19.0
     Lair:1 |    2074 |       0 |   0.0 |       6 |       0 |   0.0
     Lair:2 |    7808 |     913 |  10.5 |      31 |       4 |  11.4
     Lair:3 |    3007 |       0 |   0.0 |      11 |       0 |   0.0
     Lair:4 |    6376 |    4807 |  43.0 |      24 |      13 |  35.1
     Lair:5 |   14611 |   12659 |  46.4 |      35 |      42 |  54.5
      Orc:1 |    1789 |       0 |   0.0 |      22 |       0 |   0.0
      Orc:2 |    2149 |   10603 |  83.1 |      21 |      64 |  75.3
   Gauntlet |       0 |    4805 | 100.0 |       0 |      15 | 100.0
            +---------+---------+-------+---------+---------+-------
